 Dungeon Crawl Stone Soup version 0.31.0-12-g77e489cdc1 (webtiles) character file.

Game seed: 10687648977671554982

75 Bobsterar the Changeling (level 4, -1/43 HPs)
             Began as an Octopode Shapeshifter on Mar 7, 2024.
             Frozen to death by an endoplasm (4 damage)
             ... on level 2 of the Dungeon.
             The game lasted 00:02:06 (1072 turns).

Bobsterar the Changeling (Octopode Shapeshifter)    Turns: 1072, Time: 00:02:07

Health: -1/43      AC: 26    Str: 15    XL:     4   Next: 31%
Magic:  5/5        EV:  2    Int: 12    God:
Gold:   63         SH:  0    Dex: 11    Spells: 4/5 levels left

rFire   . .          .
                       - Unarmed
rCold   . . .        (no shield)
rNeg    . . .        (helmet currently unavailable)
rPois   +            (no amulet)
rElec   .            j - +4 ring of protection
rCorr   .            (no ring)
SInv    .            (no ring)
Will    .....        (no ring)
Stlth   +            (no ring)
HPRegen 0.27/turn    (no ring)
MPRegen 0.09/turn    (no ring)
                     (no ring)

%: no passive effects
@: tree-form
A: stationary, stasis, torment immunity, boosted hp, almost no armour,
(amphibious), 8 rings, (camouflage 1), (gelatinous body 1), (nimble swimmer 1),
(tentacles)
a: no special abilities


You were on level 2 of the Dungeon.
You were a tree.
You visited 1 branch of the dungeon, and saw 2 of its levels.

You collected 63 gold pieces.

Inventory:

Jewellery
 j - a +4 ring of protection (left branch)
 n - a +4 ring of protection
Talismans
 b - a beast talisman (active)
 c - a flux talisman
 m - a maw talisman
Scrolls
 d - 2 scrolls of enchant armour {unknown}
 e - a scroll of fog
 h - a scroll of identify {unknown}
 i - a scroll of enchant weapon {unknown}
 l - 2 scrolls of immolation {unknown}
 o - a scroll of vulnerability {unknown}
Potions
 f - 2 potions of curing {unknown}
 g - a potion of berserk rage {unknown}
 k - a potion of heal wounds {unknown}


   Skills:
 + Level 2.0 Fighting
 + Level 2.5 Dodging
 + Level 3.3 Unarmed Combat
 + Level 1.0 Spellcasting
 * Level 3.6 Shapeshifting


You had 4 spell levels left.
You knew the following spells:

 Your Spells              Type           Power      Damage    Failure   Level
a - Magic Dart            Conj           0%         1d3       30%         1

Your spell library contained the following spells:

 Spells                   Type           Power      Damage    Failure   Level
 Blink                    Tloc           0%         N/A       41%         2
 Call Imp                 Summ           0%         N/A       41%         2
 Volatile Blastmotes      Fire/Tloc      0%         2d10      65%         3
 Fulminant Prism          Conj/Alch      0%         3d5       96%         4
 Iskenderun's Mystic Bla  Conj/Tloc      0%         2d3       96%         4


Dungeon Overview and Level Annotations

Branches:
Dungeon (2/15)

Altars:
Hepliaklqana
Sif Muna
Uskayaw
Vehumet
Yredelemnul
The Shining One


Innate Abilities, Weirdness & Mutations

You are a tree.
Your roots penetrate the ground, keeping you stationary.
You cannot be teleported.
You are immune to unholy pain and torment.
Your maximum health is greatly increased.
You cannot wear most types of armour.
((You are amphibious.))
You can wear up to eight rings at the same time.
((Your skin changes colour to match your surroundings (Stealth+).))
((Your rubbery body absorbs attacks. (AC +1, EV +1)))
((You are camouflaged when in or above water. (Stealth+)))
((You have tentacles for arms and can constrict up to eight enemies at once.))


Message History

The endoplasm hits the fungus.
The endoplasm hits you.
You tentacle-slap the endoplasm.
You kill the endoplasm!
The endoplasm hits you.
You barely miss the jelly.
A nearby fungus withers and dies.
The endoplasm hits you but does no damage.
The endoplasm closely misses you.
You tentacle-slap the jelly.
Your tentacles burn!
The jelly is lightly wounded.
The jelly hits you.
You are splashed with acid!
The endoplasm hits you. x2
* * * LOW HITPOINT WARNING * * *
You are too injured to fight recklessly!
You are too injured to fight recklessly!
Your transformation has ended.
You turn into a tree.
Your roots penetrate the ground.
The endoplasm hits you but does no damage.
The jelly hits you but does no damage. The endoplasm freezes you.
You are frozen.
* * * LOW HITPOINT WARNING * * *
The endoplasm hits you but does no damage.
You smack the jelly!
Your branches burn!
* * * LOW HITPOINT WARNING * * *
The jelly is heavily wounded.
The endoplasm freezes you.
You are frozen.
* * * LOW HITPOINT WARNING * * *
The endoplasm hits you but does no damage.
The jelly hits you but does no damage.
You hit the jelly.
Your branches burn!
* * * LOW HITPOINT WARNING * * *
The jelly is severely wounded.
The endoplasm hits you but does no damage.
The jelly hits you but does no damage.
The endoplasm hits you but does no damage.
You pummel the jelly!!
You kill the jelly!
The endoplasm freezes you.
You are frozen.
You die...

.+...#...#....#
.#####..#######
.###....############
.....##.##[.._._..÷#
.....##.##.÷._..÷P.#
....###.##.P÷÷.÷.P.#
...># #.##...P.JJ..#
....+ ..##..._JJJJ.#
....# #.##÷...J_♣P.#
....# .#########'##
....# ##..)...##
....# #.######## .
##..'....#
######....#
.##.......# #### ##.
#.......# ...####..
#.......#


You could see a jelly and 6 endoplasms.

Vanquished Creatures
  A jelly (D:2)
  Terence (D:2)
  An adder (D:2)
  A ribbon worm (D:2)
  A dart slug (D:1)
  A bat (D:1)
  4 endoplasms
  A giant cockroach (D:1)
  3 goblins
  2 hobgoblins (D:1)
  11 kobolds
  4 ball pythons
  A frilled lizard (D:2)
  4 rats
36 creatures vanquished.

Notes
Turn   | Place    | Note
-------+----------+-------------------------------------------
     0 | D:1      | Bobsterar the Octopode Shapeshifter began the quest for the
                  | Orb.
     0 | D:1      | Reached XP level 1. HP: 13/13 MP: 1/1
   151 | D:1      | Reached XP level 2. HP: 18/18 MP: 2/2
   812 | D:2      | Reached XP level 3. HP: 23/23 MP: 3/3
   842 | D:2      | Learned a level 1 spell: Magic Dart
   975 | D:2      | Noticed Terence
   993 | D:2      | Killed Terence
   994 | D:2      | Reached skill level 1 in Spellcasting
   994 | D:2      | Reached XP level 4. HP: 29/29 MP: 5/5
  1061 | D:2      | Found a glowing golden altar of the Shining One.
  1061 | D:2      | Found a hide-covered altar of Uskayaw.
  1061 | D:2      | Found a shimmering blue altar of Sif Muna.
  1061 | D:2      | Found a radiant altar of Vehumet.
  1061 | D:2      | Found a hazy altar of Hepliaklqana.
  1061 | D:2      | Found a basalt altar of Yredelemnul.
  1071 | D:2      | HP: 2/43 [acid (2)]
  1072 | D:2      | Frozen to death by an endoplasm

Illustrated notes

Levels and vault maps discovered:
D:1:      sevenhm_arrival_forest_fort_large_2, layout_rooms
D:2:      cheibrodos_fertilizer, layout_basic, uniq_terence

Skill      XL: |  1  2  3  4 |
---------------+-------------+-----
Spellcasting   | 1 |  1.0
Fighting       | 2 |  2.0
Dodging        | |  2.5
Unarmed Combat | |  3.3
Shapeshifting  | |  3.6

Action                     |  1- 3 |  4- 6 || total
---------------------------+-------+-------++-------
  Melee: Unarmed           |    50 |    22 ||    72
         Constrict         |    12 |     8 ||    20
         Tentacles         |     8 |     2 ||    10
         Punch             |     1 |     1 ||     2
   Cast: Magic Dart        |     1 |       ||     1
    Use: Scroll            |     1 |       ||     1
         Potion            |       |     1 ||     1
   Stab: Sleeping          |     2 |     1 ||     3
 Armour: Skin              |    14 |    19 ||    33
  Dodge: Dodged            |    35 |    20 ||    55
   Form: Beast             |     1 |       ||     1
